 Dungeon Crawl Stone Soup version 0.29-a0-542-g075992c915 (webtiles) character file.

Game seed: 4988183372846909373

4617 spaghetti the Thrower (level 10, -4/104 HPs)
             Began as an Ogre Necromancer on June 4, 2022.
             Was an Initiate of Gozag.
             Slain by a troll (11 damage)
             ... on level 9 of the Dungeon.
             The game lasted 00:19:11 (12934 turns).

spaghetti the Thrower (Ogre Necromancer)           Turns: 12934, Time: 00:19:12

Health: -4/104     AC:  4    Str: 14    XL:     10   Next: 42%
Magic:  10/20      EV: 10    Int: 20    God:    Gozag
Gold:   427        SH:  0    Dex:  9    Spells: 4/23 levels left

rFire   . . .      SeeInvis .   h - +6 quarterstaff "Daggut" {venom, rC+ Will++, staff}
rCold   + . .      Faith    .   (shield currently unavailable)
rNeg    . . .      Spirit   .   a - +0 robe
rPois   .          Reflect  .   (helmet restricted)
rElec   .          Harm     .   A - +0 cloak
rCorr   .          Rampage  .   (gloves unavailable)
Will    +++..                   (boots unavailable)
Stlth   +.........              (no amulet)
HPRegen 0.27/turn               (no ring)
MPRegen 0.17/turn               (no ring)

@: no status effects
A: large, unfitting armour, tough skin 1
a: Renounce Religion, Potion Petition, Call Merchant, Bribe Branch


You were on level 9 of the Dungeon.
You worshipped Gozag.
Gozag was aware of your devotion.
You visited 2 branches of the dungeon, and saw 10 of its levels.

You collected 980 gold pieces.
You spent 99 gold pieces at shops.
You paid 454 gold pieces to Gozag.


Innate Abilities, Weirdness & Mutations

You are too large for most types of armour.
You have tough skin. (AC +1)


   Skills:
 + Level 7.9 Fighting
 + Level 5.4 Staves
 - Level 8.0 Throwing
 + Level 2.7 Dodging
 - Level 1.4 Stealth
 + Level 7.1 Spellcasting
 + Level 1.7 Summonings
 + Level 6.7 Necromancy
 + Level 1.6 Air Magic


You had 4 spell levels left.
You knew the following spells:

 Your Spells              Type           Power      Damage    Failure   Level
a - Necrotize             Necr           100%       1d9       1%          1
b - Vampiric Draining     Necr           33%        2d8       1%          3
c - Agony                 Necr           33%        N/A       17%         5
d - Animate Dead          Necr           33%        N/A       6%          4
e - Wereblood             Tmut           7%         N/A       14%         2
f - Summon Lightning Spi  Summ/Air       13%        N/A       43%         4

Your spell library contained the following spells:

 Spells                   Type           Power      Damage    Failure   Level
 Sublimation of Blood     Necr           33%        N/A       1%          2
 Freeze                   Ice            28%        1d5       10%         1
 Blink                    Tloc           14%        N/A       14%         2
 Anguish                  Hex/Necr       10%        N/A       24%         4
 Frozen Ramparts          Ice            14%        1d3       28%         3
 Lesser Beckoning         Tloc           7%         N/A       28%         3
 Hailstorm                Conj/Ice       7%         3d4       67%         4
 Manifold Assault         Tloc           7%         N/A       95%         5
 Enfeeble                 Hex            3%         N/A       100%        7
 Storm Form               Tmut/Air       5%         N/A       100%        7
 Summon Hydra             Summ           6%         N/A       100%        7
 Maxwell's Capacitive Co  Air            6%         ∞         100%        8

Inventory:

Hand Weapons
 h - the +6 quarterstaff "Daggut" (weapon) {venom, rC+ Will++, staff}
   (You found it on level 3 of the Dungeon)

   It poisons the flesh of those it strikes.
   rC:        It protects you from cold.
   Will:      It greatly increases your willpower.
 n - the +8 long sword of Zin's Inspiration {vorpal, rF++ Int+4 Dex-4, @e2long}
   (You found it on level 8 of the Dungeon)

   It inflicts extra damage upon your enemies.
   Int:       It affects your intelligence (+4).
   Dex:       It affects your dexterity (-4).
   rF:        It greatly protects you from fire.
 x - a +7 scythe of freezing {polearm}
   (You took it off Sigmund on level 4 of the Dungeon)
Missiles
 g - 2 datura-tipped darts {throwing}
 l - 143 stones (quivered) {throwing}
 s - 9 boomerangs {throwing}
 y - 5 poisoned darts {throwing}
Armour
 a - a +0 robe (worn)
 A - a +0 cloak (worn)
   (You took it off Crazy Yiuf on level 6 of the Dungeon)
Magical Staves
 f - a staff of conjuration {!a@e2staff}
   (You found it on level 8 of the Dungeon)
Jewellery
 b - a ring of flight
   (You found it on level 3 of the Dungeon)
 c - a ring of fire
   (You found it on level 7 of the Dungeon)
 j - a ring of protection from cold
   (You found it on level 1 of the Dungeon)
 o - an amulet of regeneration {@e2}
   (You found it on level 9 of the Dungeon)
Wands
 q - a wand of digging (3)
   (You found it on level 8 of the Dungeon)
 v - a wand of iceblast (1)
   (You took it off a gnoll on level 9 of the Dungeon)
 w - a wand of flame (67)
   (You took it off Sigmund on level 4 of the Dungeon)
Scrolls
 d - a scroll of teleportation {@r4}
 m - 3 scrolls of enchant weapon
 p - 4 scrolls of enchant armour
 r - a scroll of identify {@r1}
 u - 2 scrolls of poison {!r}
 z - a scroll of immolation {!r!r}
Potions
 e - a potion of lignification {!q}
 i - 2 potions of brilliance
 k - a potion of cancellation
 t - a potion of flight

Dungeon Overview and Level Annotations

Branches:
Dungeon (9/15)             Temple (1/1) D:7
   Lair: D:8-11         Orc: D:9-12

Altars:
Ashenzari
Cheibriados
Dithmenos
Elyvilon
Fedhas
Gozag
Hepliaklqana
Kikubaaqudgha
Makhleb
Nemelex Xobeh
Okawaru
Qazlal
Ru
Sif Muna
Trog
Uskayaw
Vehumet
Wu Jian
Xom
Yredelemnul
Zin
The Shining One

Shops:
D:4 [

Annotations:
D:8 2 transporters, pigah's ghost, novice OpAE

##).###..#
#))##..##
####.#..##
#........#
##........#
#.........#
####.######..##
#.......# #...#
#....@..# ###.#
#.....T.# ###
#..........
#.......####
#......)#
#.......#
#.......#
#.......#


You could see a troll.


Message History

Something hits you. 😮 HP[-1] MP[-1]
You take 1 damage, and now have 63/104 hp.
You lost 1 mp, and now have 6/20 mp.
Casting: Necrotize (safe; 1% risk of failure)
Confirm with . or Enter, or press ? or * to list all spells.
You can't see any susceptible monsters within range! (Use Z to cast anyway.)
Casting: Necrotize (safe; 1% risk of failure)
Confirm with . or Enter, or press ? or * to list all spells.
You can't see any susceptible monsters within range! (Use Z to cast anyway.)
Something hits you but does no damage. Something hits you but does no damage.
Something hits you. 😮 HP[-2]
You take 2 damage, and now have 61/104 hp.
There is a strange disturbance nearby!
There is a strange disturbance nearby!
You barely miss something. Something hits you but does no damage.
You sock something!
Reactivating autopickup.
You feel a bit more experienced. 😮 MP[+1]
You now have enough gold to petition Gozag for potion effects.
You now have 412 gold pieces (gained 14).
Items here: )) [[. 😮 HP[+1] Key pressed, stopping explore.
Key pressed, stopping explore.
You now have 422 gold pieces (gained 10).
Things that are here:
a +0 club {mace}; a +0 chain mail; a +1 long sword of electrocution {long} 😎 HP[+42] MP[+13]
Your hp is fully restored (104).
Your mp is fully restored (20).
You now have 427 gold pieces (gained 5).
Things that are here:
a +0 dagger {short}; a +0 robe
Items here: )) [[.
Key pressed, stopping explore.
A troll comes into view.
A troll is nearby!
Okay, then.
The troll bites you! The troll closely misses you.
The troll claws you! 😮 HP[-29]
You take 29 damage, and now have 75/104 hp.
MASSIVE DAMAGE!! (PAUSE)
Casting: Necrotize (safe; 1% risk of failure)
Confirm with . or Enter, or press ? or * to list all spells.
Aiming: Necrotize (safe; 1% risk of failure)
Press: ? - help, Shift-Dir - straight line, f - troll
Aim: a troll (chance to affect: 83%)
The troll barely resists.
The troll bites you! The troll claws you. The troll claws you!
* * * LOW HITPOINT WARNING * * *
😨 HP[-27] MP[-1]
You take 27 damage, and now have 48/104 hp.
MASSIVE DAMAGE!! (PAUSE)
You lost 1 mp, and now have 19/20 mp.
Casting: Necrotize (safe; 1% risk of failure)
Confirm with . or Enter, or press ? or * to list all spells.
Aiming: Vampiric Draining (safe; 1% risk of failure)
Press: ? - help, Shift-Dir - straight line, f/p - troll
Aim: a troll You draw life force from the troll!
You feel life coursing into your body! The troll bites you!
* * * LOW HITPOINT WARNING * * *
The troll claws you.
* * * LOW HITPOINT WARNING * * *
The troll barely misses you. 😨 HP[-10] MP[-3]
You take 10 damage, and now have 38/104 hp.
You lost 3 mp, and now have 16/20 mp.
Casting: Vampiric Draining (safe; 1% risk of failure)
Confirm with . or Enter, or press ? or * to list all spells.
Aiming: Vampiric Draining (safe; 1% risk of failure)
Press: ? - help, Shift-Dir - straight line, f/p - troll
Aim: a troll (moderately wounded)
You draw life force from the troll.
You feel life coursing into your body. The troll bites you!
* * * LOW HITPOINT WARNING * * *
The troll claws you!
* * * LOW HITPOINT WARNING * * *
The troll claws you.
* * * LOW HITPOINT WARNING * * *
😱 HP[-22] MP[-3]
You take 22 damage, and now have 16/104 hp.
MASSIVE DAMAGE!! (PAUSE)
You lost 3 mp, and now have 13/20 mp.
Casting: Vampiric Draining (safe; 1% risk of failure)
Confirm with . or Enter, or press ? or * to list all spells.
Aiming: Vampiric Draining (safe; 1% risk of failure)
Press: ? - help, Shift-Dir - straight line, f/p - troll
Aim: a troll (heavily wounded)
You draw life force from the troll!
You feel life coursing into your body. The troll bites you!
* * * LOW HITPOINT WARNING * * *
The troll claws you.
* * * LOW HITPOINT WARNING * * *
The troll claws you!
You die...
Your body crumbles into a pile of gold.

Skill      XL: |  1  2  3  4  5  6  7  8  9 10 |
---------------+-------------------------------+-----
Fighting       | 1 2 3 4 6 7 |  7.9
Spellcasting   | 3 4 5 6 7 |  7.1
Necromancy     | 4 5 6 |  6.7
Throwing       | 1 3 4 6 7 8 |  8.0
Staves         | 1 2 3 5 |  5.4
Dodging        | 2 |  2.7
Summonings     | 1 |  1.7
Air Magic      | 1 |  1.6
Stealth        | |  1.4

Action                   |  1- 3 |  4- 6 |  7- 9 | 10-12 || total
-------------------------+-------+-------+-------+-------++-------
Melee: Dagger            |    55 |    29 |       |       ||    84
       Unarmed           |     2 |       |       |       ||     2
       Quarterstaff      |       |    45 |   147 |    54 ||   246
Throw: Stone             |       |    56 |   161 |    28 ||   245
 Cast: Necrotize         |    45 |    58 |    46 |    52 ||   201
       Vampiric Draining |       |       |     4 |    19 ||    23
Invok: Potion Petition   |       |       |       |     1 ||     1
Evoke: Wand              |       |       |    32 |       ||    32
  Use: Potion            |       |     5 |     3 |     3 ||    11
       Scroll            |       |     6 |     5 |     4 ||    15
 Stab: Sleeping          |     2 |     1 |       |       ||     3
Armor: Robe              |    31 |    37 |    26 |    30 ||   124
       Skin              |       |       |     7 |       ||     7
Dodge: Dodged            |    33 |    88 |    67 |    55 ||   243

Levels and vault maps discovered:
D:1:      lemuel_arrival_behind_the_door_large, layout_rooms
D:2:      layout_basic, corexii_item_surrounded_by_moat, moated_statue,
          grunt_decor_resistance, uniq_jessica
D:3:      layout_basic
D:4:      layout_basic, serial_shops, nicolae_diamond_shop, uniq_grinder,
          uniq_robin, uniq_blork_the_orc, uniq_sigmund
D:5:      layout_loops_corners, chequers_avenue, lightli_corner_chamber
D:6:      layout_loops_corners, nicolae_gozag_cash_rules_everything_around_me,
          serial_glass, glass_columns_a, glass_columns_c, uniq_prince_ribbit1,
          uniq_crazy_yiuf_cottage
D:7:      layout_loops_ring, minmay_temple_entry_sparse_star,
          chequers_serial_rivers_micro_c, minmay_misc_feat_ornament,
          kennysheep_generic_room_2
D:8:      layout_basic, gammafunk_ghost_wrathful_warriors, minivault_5
D:9:      lemuel_ice_spiral_2, layout_rooms, nicolae_wand_duel,
          lightli_orcish_oven
Temple:   mainiacjoe_temple_circle_huts

Notes
Turn   | Place    | Note
-------+----------+-------------------------------------------
     0 | D:1      | spaghetti the Ogre Necromancer began the quest for the Orb.
     0 | D:1      | Reached XP level 1. HP: 16/16 MP: 3/3
     0 | D:1      | magus.rc [v1.9.6]
   212 | D:1      | Reached skill level 1 in Fighting
   212 | D:1      | Reached XP level 2. HP: 21/27 MP: 0/5
   947 | D:2      | Reached XP level 3. HP: 35/35 MP: 0/7
  1018 | D:2      | Reached skill level 3 in Spellcasting
  1131 | D:2      | Reached skill level 4 in Necromancy
  1161 | D:2      | Reached skill level 2 in Fighting
  1817 | D:2      | Noticed Jessica
  1821 | D:2      | Killed Jessica
  1822 | D:2      | Reached skill level 1 in Throwing
  1822 | D:2      | Reached XP level 4. HP: 42/44 MP: 4/8
  2157 | D:3      | HP: 10/44 [iguana (8)]
  2159 | D:3      | Reached XP level 5. HP: 11/52 MP: 1/10
  2164 | D:3      | HP: 13/52 [jackal (1)]
  2170 | D:3      | HP: 13/52 [quokka (2)]
  2180 | D:3      | Learned a level 3 spell: Vampiric Draining
  2186 | D:3      | Learned a level 5 spell: Agony
  2435 | D:3      | Identified the +6 quarterstaff "Daggut" {venom, rC+ Will++}
  2745 | D:3      | Reached skill level 3 in Fighting
  2745 | D:3      | Reached skill level 2 in Throwing
  3024 | D:4      | Noticed Sigmund
  3033 | D:4      | Killed Sigmund
  3034 | D:4      | Reached skill level 1 in Staves
  3034 | D:4      | Reached skill level 3 in Throwing
  3034 | D:4      | Reached skill level 4 in Spellcasting
  3034 | D:4      | Reached XP level 6. HP: 56/62 MP: 3/12
  3553 | D:4      | Noticed Robin
  3561 | D:4      | Killed Robin
  3564 | D:4      | Reached XP level 7. HP: 52/68 MP: 7/13
  3699 | D:4      | Reached skill level 4 in Fighting
  3923 | D:4      | Found Buec's Antique Armour Boutique.
  3931 | D:4      | Bought a cloak for 99 gold pieces
  3939 | D:4      | Noticed Blork the orc
  3946 | D:4      | HP: 14/70 [Blork the orc/+2 long sword of flaming (6)]
  3949 | D:4      | Killed Blork the orc
  3950 | D:4      | Reached skill level 2 in Staves
  4345 | D:4      | Noticed Grinder
  4362 | D:4      | Killed Grinder
  4363 | D:4      | Reached skill level 4 in Throwing
  4363 | D:4      | Reached skill level 5 in Necromancy
  4585 | D:5      | Entered Level 5 of the Dungeon
  4904 | D:5      | You pick up a book of the Sky and begin reading...
  4904 | D:5      | You add the spells Summon Lightning Spire, Storm Form and
                  | Maxwell's Capacitive Coupling to your library.
  4929 | D:5      | Learned a level 4 spell: Animate Dead
  4939 | D:5      | Reached XP level 8. HP: 78/79 MP: 15/15
  5281 | D:5      | Noticed a two-headed ogre
  5322 | D:5      | Reached skill level 5 in Fighting
  5805 | D:6      | Reached skill level 3 in Staves
  5805 | D:6      | Reached skill level 5 in Throwing
  5805 | D:6      | Reached skill level 5 in Spellcasting
  6268 | D:6      | HP: 17/76 [wight/+1 short sword (3)]
  6861 | D:6      | Reached skill level 6 in Fighting
  6861 | D:6      | Reached skill level 6 in Throwing
  7218 | D:6      | Found a runed translucent door.
  7219 | D:6      | Noticed Crazy Yiuf
  7259 | D:6      | Noticed Prince Ribbit
  7269 | D:6      | Killed Prince Ribbit
  7270 | D:6      | Reached XP level 9. HP: 79/89 MP: 13/17
  7405 | D:6      | Found an opulent altar of Gozag.
  7667 | D:6      | Killed Crazy Yiuf
  7876 | D:7      | Found a staircase to the Ecumenical Temple.
  7929 | D:7      | Reached skill level 4 in Staves
  7946 | D:7      | Reached skill level 6 in Spellcasting
  8232 | D:7      | You pick up a book of Frost and begin reading...
  8232 | D:7      | You add the spells Freeze, Frozen Ramparts and Hailstorm to
                  | your library.
  8261 | D:7      | You pick up a book of Spatial Translocations and begin
                  | reading...
  8261 | D:7      | You add the spells Blink, Lesser Beckoning and Manifold
                  | Assault to your library.
  8353 | D:7      | You pick up a book of Blood and begin reading...
  8353 | D:7      | You add the spells Sublimation of Blood, Wereblood and
                  | Summon Hydra to your library.
  8357 | D:7      | Learned a level 2 spell: Wereblood
  8362 | D:7      | Learned a level 4 spell: Summon Lightning Spire
  8410 | D:7      | Reached skill level 6 in Necromancy
  8616 | D:7      | You pick up a book of Maledictions and begin reading...
  8616 | D:7      | You add the spells Anguish and Enfeeble to your library.
  8634 | D:7      | Reached skill level 7 in Throwing
  9528 | Temple   | Entered the Ecumenical Temple
  9850 | D:6      | Became a worshipper of Gozag Ym Sagoz the Greedy
  9930 | D:8      | Gained mutation: You are dopey. (Int -2) [potion of
                  | mutation]
  9930 | D:8      | Lost mutation: You are dopey. (Int -2) [potion of mutation]
  9941 | D:8      | Reached skill level 7 in Fighting
 10510 | D:8      | Identified the +8 long sword of Zin's Inspiration {vorpal,
                  | rF++ Int+4 Dex-4}
 10558 | D:8      | Reached skill level 2 in Dodging
 10563 | D:8      | Reached skill level 5 in Staves
 10563 | D:8      | Reached XP level 10. HP: 102/102 MP: 18/20
 10591 | D:8      | Found a transporter.
 10601 | D:8      | Found a transporter.
 10613 | D:8      | HP: 18/102 [steam dragon/ball of steam (17)]
 10619 | D:8      | Reached skill level 1 in Summonings
 10619 | D:8      | Reached skill level 1 in Air Magic
 10621 | D:8      | HP: 23/102 [steam dragon/ball of steam (13)]
 11112 | D:8      | Noticed a two-headed ogre
 11112 | D:8      | Noticed pigah's ghost (novice OpAE)
 11113 | D:8      | Found a bloodstained altar of Trog.
 11113 | D:8      | Noticed a moth of wrath
 11487 | D:9      | Reached skill level 8 in Throwing
 11630 | D:9      | HP: 21/104 [orc warrior/+0 trident (7)]
 11631 | D:9      | HP: 6/104 [orc warrior/+0 trident (11)]
 11637 | D:9      | HP: 30/156 [orc warrior/+0 war axe (13)]
 11640 | D:9      | HP: 7/156 [orc warrior/+0 trident (10)]
 11641 | D:9      | Reached skill level 7 in Spellcasting
 11641 | D:9      | HP: 1/156 [orc warrior/+0 trident (6)]
 11649 | D:9      | HP: 24/104 [centaur/arrow (5)]
 11958 | D:9      | HP: 21/104 [orc warrior/+0 mace (9)]
 12933 | D:9      | HP: 17/104 [troll (11)]
 12934 | D:9      | HP: 8/104 [troll (14)]
 12934 | D:9      | Slain by a troll

Vanquished Creatures
  Grinder (D:4)
  Prince Ribbit (D:6)
  Sigmund (D:4)
  A shadow (D:7)
  3 yaks (D:8)
  A steam dragon (D:8)
  2 ice beasts (D:6)
  A sky beast (D:8)
  6 orc warriors
  An ogre (D:6)
  2 centaurs
  A phantom (D:4)
  Blork the orc (D:4)
  3 bullfrogs
  A necrophage (D:5)
  A scorpion (D:3)
  13 wights
  5 killer bees (D:8)
  A jelly (D:5)
  5 orc priests
  Crazy Yiuf (D:6)
  A gnoll shaman (D:9)
  4 iguanas
  Jessica (D:2)
  9 orc wizards
  Robin (D:4)
  11 gnolls
  5 adders
  A shadow imp (D:8)
  A white imp (D:8)
  2 worms
  A dart slug (D:4)
  35 orcs
  4 endoplasms
  3 giant cockroaches
  14 goblins
  11 hobgoblins
  12 jackals
  4 kobolds
  3 quokkas
  3 ball pythons
  5 bats
  2 frilled lizards (D:1)
  9 rats
194 creatures vanquished.

Vanquished Creatures (collateral kills)
  An orc wizard (D:7)
  2 dart slugs (D:3)
  A ball python (D:4)
  A giant cockroach (D:1)
  A goblin (D:4)
6 creatures vanquished.

Grand Total: 200 creatures vanquished

Table legend:
 A = Non-vault XP
 B = Vault XP
 C = Vault XP percentage of total XP
 D = Non-vault monster count
 E = Vault monster count
 F = Vault count percentage of total count
                 A         B        C        D         E       F
            +---------+---------+-------+---------+---------+-------
      Total |    5493 |    1103 |  16.7 |     176 |      24 |  12.0
            +---------+---------+-------+---------+---------+-------
        D:1 |      31 |       0 |   0.0 |      20 |       0 |   0.0
        D:2 |      39 |      37 |  48.7 |      15 |       1 |   6.2
        D:3 |     169 |       0 |   0.0 |      22 |       0 |   0.0
        D:4 |     190 |     638 |  77.1 |      16 |      15 |  48.4
        D:5 |     244 |       0 |   0.0 |      13 |       0 |   0.0
        D:6 |    1006 |     317 |  24.0 |      19 |       2 |   9.5
        D:7 |     944 |      96 |   9.2 |      19 |       1 |   5.0
        D:8 |    1895 |       0 |   0.0 |      27 |       0 |   0.0
        D:9 |     975 |      15 |   1.5 |      25 |       5 |  16.7
            +---------+---------+-------+---------+---------+-------

Illustrated notes

Table legend:
 A = Kills in this place as a percentage of kills in entire the game.
 B = Kills by you in this place as a percentage of kills by you in the entire game.
 C = Kills by friends in this place as a percentage of kills by friends in the entire game.
 D = Other kills in this place as a percentage of other kills in the entire game.
 E = Experience gained in this place as a percentage of experience gained in the entire game.
 F = Experience gained in this place divided by the number of levels of this place that you have seen.
                   A       B       C       D       E      F
               +-------+-------+-------+-------+-------+----------------------
         Total | 100.0 | 100.0 | 100.0 |   N/A | 100.0 | 659.6
       Dungeon | 100.0 | 100.0 | 100.0 |   N/A | 100.0 | 732.9
               +-------+-------+-------+-------+-------+----------------------

Table legend: (Time is in decaauts)
 A = Elapsed time spent in this place.
 B = Non-inter-level travel time spent in this place.
 C = Inter-level travel time spent in this place.
 D = Time resting spent in this place.
 E = Time spent auto-exploring this place.
 F = Levels seen in this place.
 G = Mean time per level.
                   A        B        C        D        E       F      G
               +--------+--------+--------+--------+--------+-----+--------+
         Total |  12906 |  12645 |    261 |    606 |  10587 |  10 | 1290.6 |
       Dungeon |  12619 |  12375 |    244 |    606 |  10338 |   9 | 1402.1 |
        Temple |    286 |    270 |     16 |      0 |    249 |   1 |  286.0 |
               +--------+--------+--------+--------+--------+-----+--------+

Top non-repeatable levels by time:
     D:6: 2286 daAuts
     D:7: 1684 daAuts
     D:4: 1581 daAuts
     D:8: 1567 daAuts
     D:9: 1476 daAuts
     D:3: 1094 daAuts
     D:5: 1034 daAuts
     D:2: 968 daAuts
     D:1: 926 daAuts
  Temple: 286 daAuts
